 Dungeon Crawl Stone Soup version 0.29.1-12-g30fa7ad0bf (webtiles) character file.

Game seed: 5731324140271602711

817 sankara the Cudgeller (level 7, -1/63 HPs)
             Began as a Minotaur Fighter on Jan 8, 2023.
             Was an Initiate of Gozag.
             Killed from afar by Dowan (18 damage)
             ... with a shard of ice
             ... on level 5 of the Dungeon.
             The game lasted 00:05:32 (4661 turns).

sankara the Cudgeller (Minotaur Fighter)            Turns: 4661, Time: 00:05:33

Health: -1/63      AC:  7    Str: 20    XL:     7   Next: 62%
Magic:  6/6        EV:  9    Int:  5    God:    Gozag
Gold:   245        SH:  5    Dex: 12    Spells: 6/6 levels left

rFire   + . .      SeeInvis .   a - +0 flail
rCold   . . .      Faith    .   c - +0 buckler
rNeg    + . .      Spirit   .   b - +0 scale mail
rPois   .          Reflect  .   (helmet restricted)
rElec   .          Harm     .   (no cloak)
rCorr   .          Rampage  .   (no gloves)
Will    .....                   (no boots)
Stlth   ..........              (no amulet)
HPRegen 0.20/turn               g - ring of positive energy
MPRegen 0.10/turn               v - ring of protection from fire

@: no status effects
A: horns 2, retaliatory headbutt
a: Renounce Religion, Potion Petition, Call Merchant, Bribe Branch


You were on level 5 of the Dungeon.
You worshipped Gozag.
Gozag was aware of your devotion.
You visited 2 branches of the dungeon, and saw 6 of its levels.

You collected 297 gold pieces.
You paid 52 gold pieces to Gozag.

Inventory:

Hand Weapons
 a - a +0 flail (weapon)
Armour
 b - a +0 scale mail (worn)
 c - a +0 buckler (worn)
 m - a +0 leather armour of fire resistance
Jewellery
 g - a ring of positive energy (left hand)
 p - the ring "Haqydidd" {rF+ rCorr Dex+3 Slay-4}
   (You found it on level 3 of the Dungeon)

   [ring of resist corrosion]

   Dex:       It affects your dexterity (+3).
   Slay:      It affects your accuracy & damage with ranged weapons and melee
   (-4).
   rF:        It protects you from fire.
   rCorr:     It protects you from acid and corrosion.
 v - a ring of protection from fire (right hand)
Wands
 w - a wand of flame (17) (quivered)
Scrolls
 e - 7 scrolls of identify {unknown}
 f - 2 scrolls of teleportation {unknown}
 j - 2 scrolls of vulnerability {unknown}
 l - a scroll of torment {unknown}
 n - a scroll of enchant weapon {unknown}
 q - a scroll of butterflies {unknown}
 s - 2 scrolls of poison {unknown}
 u - a scroll of enchant armour {unknown}
 y - a scroll of amnesia {unknown}
Potions
 d - 2 potions of might
 h - a potion of heal wounds {unknown}
 i - 3 potions of mutation {unknown}
 k - a potion of invisibility {unknown}
 o - a potion of lignification {unknown}
 r - 4 potions of haste {unknown}
 t - a potion of brilliance {unknown}
 x - a potion of curing {unknown}


   Skills:
 + Level 6.0 Fighting
 * Level 7.3 Maces & Flails
 + Level 6.0 Armour
 - Level 5.0 Shields


You had 6 spell levels left.
You didn't know any spells.
Your spell library contained the following spells:

 Spells                   Type           Power      Damage    Failure   Level
 Foxfire                  Conj/Fire      0%         2x1d4     88%         1
 Poisonous Vapours        Pois/Air       0%         N/A       95%         2
 Conjure Flame            Conj/Fire      0%         6-21      99%         3
 Inner Flame              Hex/Fire       0%         N/A       99%         3
 Anguish                  Hex/Necr       0%         N/A       100%        4
 Flame Wave               Conj/Fire      0%         2d4       100%        4
 Enfeeble                 Hex            0%         N/A       100%        7
 Corpse Rot               Necr/Pois/Air  Unusable   N/A       N/A         4

Dungeon Overview and Level Annotations

Branches:
Dungeon (5/15)             Temple (1/1) D:4

Altars:
Ashenzari
Cheibriados
Dithmenos
Fedhas
Gozag
Hepliaklqana
Kikubaaqudgha
Makhleb
Nemelex Xobeh
Okawaru
Qazlal
Ru
Sif Muna
Trog
Wu Jian
Yredelemnul
Zin
The Shining One

Annotations:
D:3 1 runed translucent door, Crazy Yiuf
D:5 Dowan


Innate Abilities, Weirdness & Mutations

You have a pair of horns on your head.
You reflexively headbutt those who attack you in melee.


Message History

Your Maces & Flails skill increases to level 7!
Your Armour skill increases to level 6!
You sock Dowan! Your headbutt misses Dowan.
Dowan is heavily wounded.
Dowan hits you but does no damage.
Dowan says, "Magic will overcome all!"
Dowan closely misses you.
You barely miss Dowan.
Dowan is heavily wounded.
Dowan hits you with a +0 dagger.
* * * LOW HITPOINT WARNING * * *
You barely miss Dowan. You headbutt Dowan.
Dowan is heavily wounded.
Dowan barely misses you. x2; You furiously retaliate!
You headbutt Dowan! You barely miss Dowan. Your headbutt misses Dowan.
Dowan is almost dead.
Dowan hits you but does no damage.
You closely miss Dowan. Your headbutt misses Dowan.
Dowan is almost dead.
Dowan hits you but does no damage. x2
You barely miss Dowan. Your headbutt misses Dowan.
Dowan is almost dead.
Dowan hits you but does no damage.
You hit Dowan but do no damage.
Dowan is almost dead.
Dowan mumbles some strange words.
Dowan blinks!
Aiming: Throw Flame
Press: ? - help, Q - select action, (/) - cycle Shift-Dir - straight line, f - Dowan
Aim: Dowan, wielding a +0 dagger and wearing a +0 robe (almost dead, fast, 56% to hit)
The puff of flame misses Dowan.
Unknown command.
Aiming: Throw Flame
Press: ? - help, Q - select action, (/) - cycle Shift-Dir - straight line, f/p - Dowan
Aim: Dowan, wielding a +0 dagger and wearing a +0 robe (almost dead, fast, 56% to hit)
The puff of flame misses Dowan.
Dowan gestures at you while chanting. The shard of ice hits you!!
You die...
Your body crumbles into a pile of gold.

#........##.### .... .. .###...
##...#...##..#.###... ... #...
..######...........###..) #...
..# ###................. [.##...
..###..##...........>#...........
..#>..........e..................
..)...# #.......#................
###..####.....###................
.##...# ....## #@$......>.......#
......###...)# ##...e............
#......#..#...##...........#.....
#.<.#......................#.....
.####......##...#..#.....#.......
..# ..##......#####..##.#...##..
..# ######.##>......#####...###.
.## # #.....#...##..### ## ##
#####..........###


You could see Dowan (fast).

Vanquished Creatures
  Menkaure (D:5)
  Duvessa (D:5)
  An ice beast (D:5)
  A scorpion (D:5)
  A jelly (D:4)
  5 hounds
  An iguana (D:5)
  4 gnolls (D:3)
  10 adders
  A shadow imp (D:5)
  A worm (D:2)
  5 dart slugs
  3 orcs
  7 bats
  6 endoplasms
  3 giant cockroaches (D:2)
  16 hobgoblins
  6 jackals
  11 kobolds
  3 quokkas
  6 ball pythons
  3 frilled lizards
  4 goblins
  3 rats
103 creatures vanquished.

Notes
Turn   | Place    | Note
-------+----------+-------------------------------------------
     0 | D:1      | sankara the Minotaur Fighter began the quest for the Orb.
     0 | D:1      | Reached XP level 1. HP: 19/19 MP: 0/0
   109 | D:1      | Reached XP level 2. HP: 26/27 MP: 1/1
   117 | D:1      | Reached skill level 3 in Maces & Flails
   671 | D:1      | Reached XP level 3. HP: 30/33 MP: 2/2
  1267 | D:2      | Reached XP level 4. HP: 34/40 MP: 3/3
  1499 | D:2      | Reached skill level 4 in Maces & Flails
  2178 | D:3      | Found a broken altar of Ashenzari.
  2495 | D:3      | Reached XP level 5. HP: 47/47 MP: 4/4
  2609 | D:3      | Found a runed translucent door.
  2610 | D:3      | Noticed Crazy Yiuf
  2699 | D:3      | Identified the ring "Haqydidd" {rF+ rCorr Dex+3 Slay-4}
  2802 | D:3      | Found a faded altar of an unknown god.
  3338 | D:4      | Reached skill level 5 in Maces & Flails
  3598 | D:4      | Reached XP level 6. HP: 55/55 MP: 5/5
  3602 | D:4      | Found a staircase to the Ecumenical Temple.
  3613 | Temple   | Entered the Ecumenical Temple
  3932 | Temple   | Became a worshipper of Gozag Ym Sagoz the Greedy
  4088 | D:5      | Entered Level 5 of the Dungeon
  4096 | D:5      | Reached skill level 5 in Armour
  4096 | D:5      | Reached skill level 5 in Shields
  4106 | D:5      | Reached skill level 5 in Fighting
  4117 | D:5      | Noticed Menkaure
  4125 | D:5      | Killed Menkaure
  4126 | D:5      | Reached skill level 6 in Maces & Flails
  4352 | D:5      | Noticed an ice beast
  4356 | D:5      | Killed an ice beast
  4357 | D:5      | Reached XP level 7. HP: 61/61 MP: 6/6
  4358 | D:5      | Found a glowing golden altar of the Shining One.
  4593 | D:5      | Found a shadowy altar of Dithmenos.
  4637 | D:5      | Noticed Dowan
  4638 | D:5      | Noticed Duvessa
  4652 | D:5      | Killed Duvessa
  4653 | D:5      | Reached skill level 7 in Maces & Flails
  4661 | D:5      | Killed from afar by Dowan

Illustrated notes

Levels and vault maps discovered:
D:1:      reono_arrival_mine, layout_basic
D:2:      layout_basic, minmay_tripent
D:3:      minmay_door_path, layout_basic, nicolae_ashenzari_skybound,
          shapermc_ecumenical_altar_gd, minmay_misc_feat_four_crosses,
          uniq_crazy_yiuf_cottage
D:4:      layout_cave_pools, temple_hall, kennysheep_boxes
D:5:      layout_cave_pools, mainiacjoe_overflow_concentric_impassable,
          nicolae_dithmenos_the_darkroom, uniq_menkaure, uniq_duvessa
Temple:   regret_index_temple_generic_petals

Skill      XL: |  1  2  3  4  5  6  7 |
---------------+----------------------+-----
Maces & Flails | 3 4 5 6 7 |  7.3
Shields        | 4 5 |  5.0
Fighting       | 4 5 6 |  6.0
Armour         | 4 5 6 |  6.0

Action                   |  1- 3 |  4- 6 |  7- 9 || total
-------------------------+-------+-------+-------++-------
Melee: Flail             |    76 |   134 |    35 ||   245
       Headbutt          |    10 |    26 |     6 ||    42
Evoke: Wand              |       |     4 |     2 ||     6
Armor: Scale mail        |    45 |    46 |    15 ||   106
Dodge: Dodged            |    45 |    61 |    10 ||   116
Block: Buckler           |    26 |    31 |    11 ||    68
